 Dungeon Crawl Stone Soup version 0.24.0-1-gfbc8707122 (webtiles) character file.

Game seed: 18113856382237610711, levelgen mode: deterministic

101 Mrkan the Poker (level 4, -2/37 HPs)
             Began as a Merfolk Abyssal Knight on Oct 26, 2019.
             Was a Follower of Lugonu.
             Slain by a hound (4 damage)
             ... on level 2 of the Dungeon.
             The game lasted 00:03:27 (3254 turns).

Mrkan the Poker (Merfolk Abyssal Knight)            Turns: 3254, Time: 00:03:28

Health: -2/37      AC:  3    Str: 13    XL:     4   Next: 75%
Magic:  6/6        EV: 13    Int: 11    God:    Lugonu [*.....]
Gold:   101        SH:  0    Dex: 13    Spells: 3/3 levels left

rFire    . . .     SeeInvis .   a - +1 spear
rCold    . . .     Gourm    .   (no shield)
rNeg     . . .     Faith    .   b - +0 leather armour
rPois    .         Spirit   .   (no helmet)
rElec    .         Reflect  .   (no cloak)
rCorr    .         Harm     .   (no gloves)
MR       .....                  (no boots)
Stlth    +.........             (no amulet)
HPRegen  0.12/turn              (no ring)
MPRegen  0.10/turn              (no ring)

@: very slightly contaminated, hasted, invisible, very quick
A: change form in water, swift swim, stealthy swim
a: Depart the Abyss, Renounce Religion


You were on level 2 of the Dungeon.
You worshipped Lugonu.
Lugonu was aware of your devotion.
You were hungry.

You visited 1 branch of the dungeon, and saw 2 of its levels.
You visited the Abyss 1 time.

You collected 101 gold pieces.

Inventory:

Hand Weapons
 a - a +1 spear (weapon)
Armour
 b - a +0 leather armour (worn)
Jewellery
 k - a +2 ring of dexterity
Scrolls
 e - 2 scrolls of identify {unknown}
 f - a scroll of enchant weapon {unknown}
 g - a scroll of fear {unknown}
 h - a scroll of magic mapping {unknown}
 i - 2 scrolls of remove curse {unknown}
Comestibles
 c - 4 rations


   Skills:
 + Level 3.9 Fighting
 * Level 5.0 Polearms
 - Level 0.6 Armour
 + Level 3.6 Dodging
 + Level 2.8 Invocations


You had 3 spell levels left.
You didn't know any spells.
Your spell library contained the following spells:

 Spells                   Type           Power        Failure   Level  Hunger
 Beastly Appendage        Tmut           #.....       41%         1    ##.....
 Sticks to Snakes         Tmut           #.......     56%         2    ###....
 Spider Form              Tmut/Pois      #.........   80%         3    ####...
 Ice Form                 Ice/Tmut       #.......     99%         4    #####..
 Blade Hands              Tmut           #.........   100%        5    ######.


Dungeon Overview and Level Annotations

Branches:
Dungeon (2/15)

Altars:


Message History

The hound is moderately wounded.
The hound closely misses you.
You hit the hound.
The hound is moderately wounded.
The hound completely misses you.
You hit the hound but do no damage.
The hound is moderately wounded.
The hound bites you.
* * * LOW HITPOINT WARNING * * *
The hound bites you.
* * * LOW HITPOINT WARNING * * *
It was a potion of haste.
You feel yourself speed up. The hound closely misses you.
You hit the hound.
The hound is heavily wounded.
The hound bites you but does no damage.
You hit the hound but do no damage.
The hound is heavily wounded.
The hound bites you.
You die...

#####.#......
#....@..#
#)####..##
#.####...###
#.#>.......#
#.#.##...###
#.#.###### #h#.#
###### #@#.#
#....#
######.#.#
#.####
###...##.#.###.#
#...#....).....#
#.#...###...####
#.##.###.###.##
##.##.##.## ##.#
#..<#.##.# #.#
###...#.##>##
##.#


You could see a hound.

Vanquished Creatures
  Terence (D:2)
  4 adders (D:2)
  3 dart slugs (D:1)
  3 leopard geckos
  A giant cockroach (D:1)
  6 goblins (D:1)
  4 hobgoblins
  2 bats (D:1)
  5 frilled lizards
  3 kobolds
  2 rats (D:1)
34 creatures vanquished.

Notes
Turn   | Place    | Note
-------+----------+-------------------------------------------
     0 | Abyss:1  | Mrkan the Merfolk Abyssal Knight began the quest for the
                  | Orb.
     0 | Abyss:1  | Reached XP level 1. HP: 18/18 MP: 2/2
    36 | Abyss:2  | Noticed a small abomination
    51 | Abyss:2  | Noticed a chaos spawn
    51 | Abyss:2  | Noticed a wretched star
    54 | D:1      | Escaped the Abyss
   317 | D:1      | Reached * piety under Lugonu
   317 | D:1      | Reached XP level 2. HP: 24/24 MP: 3/3
  1786 | D:1      | Reached XP level 3. HP: 26/29 MP: 4/4
  2065 | D:1      | Reached skill level 4 in Polearms
  2262 | D:2      | Reached XP level 4. HP: 3/37 MP: 5/5
  3204 | D:2      | Noticed Terence
  3233 | D:2      | Killed Terence
  3233 | D:2      | Reached skill level 5 in Polearms
  3254 | D:2      | Slain by a hound

Levels and vault maps discovered:
D:1:      dpeg_cavernosity, layout_basic
D:2:      layout_loops_ring, evilmike_ruin_ashenzari,
          gammafunk_temple_overflow_elements, first_ration, uniq_terence

Skill      XL: |  1  2  3  4 |
---------------+-------------+-----
Dodging        | 3 |  3.6
Polearms       | 4 5 |  5.0
Fighting       | |  3.9
Armour         | |  0.6
Invocations    | |  2.8

Action                   |  1- 3 |  4- 6 || total
-------------------------+-------+-------++-------
Melee: Spear             |   125 |    55 ||   180
Invok: Depart the Abyss  |     1 |       ||     1
  Use: Potion            |       |     3 ||     3
  Eat: Ration            |     1 |       ||     1
       Chunk             |     1 |     2 ||     3
Armor: Leather armour    |    24 |     8 ||    32
Dodge: Dodged            |    59 |    28 ||    87
